 Dungeon Crawl Stone Soup version 0.27.1-34-g3ba077fa99 (webtiles) character file.

Game seed: 14621468690603950440

5646 Tirrikindir the Shield-Bearer (level 10, -9/72 HPs)
             Began as an Octopode Fighter on Jan 27, 2022.
             Was an Elder of Vehumet.
             Mangled by an orc warrior (11 damage)
             ... on level 9 of the Dungeon.
             The game lasted 00:28:48 (9480 turns).

Tirrikindir the Shield-Bearer (Octopode Fighter)    Turns: 9480, Time: 00:28:48

Health: -9/72      AC:  1    Str: 17    XL:     10   Next: 74%
Magic:  17/17      EV: 22    Int: 14    God:    Vehumet [****..]
Gold:   266        SH: 12    Dex: 12    Spells: 11/19 levels left

rFire    . . .     SeeInvis .   a - +0 long sword
rCold    . . .     Faith    .   b - +2 kite shield
rNeg     . . .     Spirit   .   (helmet restricted)
rPois    .         Reflect  .   h - amulet of magic regeneration
rElec    .         Harm     .   f - ring of wizardry
rCorr    .         Rampage  .   k - +4 ring of evasion
Will     +....                  l - +4 ring of evasion
Stlth    +++++.....             i - +4 ring of slaying
HPRegen  0.22/turn              s - +4 ring of slaying
MPRegen  0.40/turn              (no ring)
                                (no ring)
                                (no ring)

@: no status effects
A: almost no armour, amphibious, 8 rings, camouflage 1, gelatinous body 1,
(nimble swimmer 1), tentacles, clever 1, strong-willed 1, robust 1
a: Renounce Religion


You were on level 9 of the Dungeon.
You worshipped Vehumet.
Vehumet was greatly pleased with you.
You visited 2 branches of the dungeon, and saw 10 of its levels.
You also visited: Sewer.

You collected 374 gold pieces.
You spent 108 gold pieces at shops.

Inventory:

Hand Weapons
 a - a +0 long sword (weapon)
 d - a +2 short sword of draining
Armour
 b - a +2 kite shield (worn)
Jewellery
 f - a ring of wizardry (left tentacle)
 h - an amulet of magic regeneration (around mantle)
 i - a +4 ring of slaying (on tentacle)
 k - a +4 ring of evasion (right tentacle)
 l - a +4 ring of evasion (on tentacle)
 s - a +4 ring of slaying (on tentacle)
Wands
 g - a wand of polymorph (20)
 n - a wand of mindburst (12)
 t - a wand of iceblast (3)
Scrolls
 p - 2 scrolls of silence
 q - 2 scrolls of amnesia
 r - a scroll of noise {unknown}
 u - a scroll of blinking {unknown}
 x - a scroll of brand weapon {unknown}
Potions
 c - 3 potions of might
 e - 2 potions of flight
 j - 2 potions of resistance
 m - 3 potions of brilliance


   Skills:
 + Level 5.3 Fighting
 - Level 2.5 Long Blades
 * Level 6.5 Dodging
 + Level 7.8 Stealth
 * Level 7.9 Shields
 + Level 5.1 Spellcasting
 + Level 5.2 Conjurations
 + Level 5.3 Fire Magic
 - Level 4.0 Evocations


You had 11 spell levels left.
You knew the following spells:

 Your Spells              Type           Power      Damage    Failure   Level
a - Foxfire               Conj/Fire      72%        2x1d7     1%          1
b - Conjure Flame         Conj/Fire      18%        6-21      1%          3
c - Sticky Flame          Conj/Fire      18%        2d4       5%          4

Your spell library contained the following spells:

 Spells                   Type           Power      Damage    Failure   Level
 Yara's Violent Unravell  Hex/Tmut       1%         3d3       67%         5
 Shock                    Conj/Air       40%        1d5       1%          1
 Ignite Poison            Fire/Tmut/Pois 8%         N/A       7%          3
 Pain                     Necr           12%        1d4       16%         1
 Ensorcelled Hibernation  Hex/Ice        6%         N/A       26%         2
 Airstrike                Air            1%         N/A       36%         4
 Spider Form              Tmut/Pois      1%         N/A       43%         3
 Swiftness                Air            3%         N/A       43%         3
 Agony                    Necr           3%         N/A       98%         5
 Excruciating Wounds      Necr           1%         N/A       98%         5
 Shadow Creatures         Summ           N/A        N/A       100%        6


Dungeon Overview and Level Annotations

Branches:
Dungeon (9/15)             Temple (1/1) D:6           Sewer (visited)
   Lair: D:8-11         Orc: D:9-12

Altars:
Ashenzari
Cheibriados
Dithmenos
Elyvilon
Fedhas
Gozag
Hepliaklqana
Kikubaaqudgha
Makhleb
Nemelex Xobeh
Qazlal
Ru
Sif Muna
Trog
Uskayaw
Vehumet
Wu Jian
Xom
Yredelemnul
Zin

Shops:
D:6 !(=[   D:8 *


Innate Abilities, Weirdness & Mutations

You cannot wear most types of armour.
You are amphibious.
You can wear up to eight rings at the same time.
Your skin changes colour to match your surroundings (Stealth+).
Your rubbery body absorbs attacks. (AC +1, EV +1)
((You are camouflaged near water. (Stealth+)))
You have tentacles for arms and can constrict up to eight enemies at once.
Your mind is acute. (Int +2)
You are strong-willed. (Will+)
You are robust. (+10% HP)


Message History

The orc warrior shouts!
An orc wizard comes into view. It is wielding a +1 dagger of venom.
An orc wizard comes into view. It is wielding a +0 dagger.
The orc wizard shouts!
You hear two shouts!
The orc wizard gestures at you while chanting.
The magic dart hits you!
* * * LOW HITPOINT WARNING * * *
A bullfrog and an orc come into view.
Okay, then.
You feel very mighty all of a sudden.
The bullfrog gives a loud, deep croak!
You slice the orc wizard!!
You kill the orc wizard!
Vehumet accepts your kill.
The orc shouts!
You block the bullfrog's attack.
A two-headed ogre comes into view.
It is wielding a +0 giant spiked club and a +0 giant club.
The bullfrog completely misses you.
Things that are here:
a +0 dagger; a +0 robe; an orc corpse You slash the bullfrog!
You grab the bullfrog.
The bullfrog is severely wounded.
You constrict the bullfrog. The bullfrog barely misses you. x2
You block the orc warrior's attack.
You slice the bullfrog!!
You kill the bullfrog!
Vehumet accepts your kill.
The orc warrior hits you from afar with a +0 halberd!
* * * LOW HITPOINT WARNING * * *
It was a potion of cancellation.
Your magical effects are unravelling.
You feel magically purged.
You feel a little less mighty now.
The orc wizard shouts!
The orc warrior completely misses you.
It was a potion of magic.
Magic courses through your body.
The orc warrior hits you from afar with a +0 halberd.
* * * LOW HITPOINT WARNING * * *
The orc warrior hits you with a +0 halberd!
You die...

......### #...P....
#....PP..
#..###########†.....P.
#####o......o....))....P..
.................)).......
.............o............
###############o.)o.......
# #.@.O....... #
#........... #
#)..........
###############...........
..........................
.........................
######.................##
#.................#
#.................#


You could see a two-headed ogre, an orc warrior, an orc wizard and 2 orcs.

Vanquished Creatures
  Pikel (D:5)
  Psyche (D:9)
  A hornet (D:7)
  Sigmund (D:5)
  Eustachio (D:5)
  7 yaks (D:8)
  An acid dragon (D:8)
  2 water moccasins
  2 ice beasts
  An orc warrior (D:9)
  A sky beast (D:6)
  A black bear (D:9)
  3 ogres
  4 centaurs
  A kobold brigand (D:7)
  2 phantoms
  3 bullfrogs
  3 scorpions
  2 wyvern skeletons
  2 water moccasin skeletons
  6 killer bees (D:4)
  5 orc priests
  2 hounds
  Crazy Yiuf (D:5)
  A gnoll shaman (D:5)
  A bullfrog skeleton (D:6)
  2 jellies
  2 centaur skeletons
  5 iguanas
  7 orc wizards
  3 killer bee zombies
  A howler monkey zombie (D:5)
  3 gnolls (D:5)
  6 adders
  2 white imps
  2 ufetubi
  4 worms
  4 dart slugs
  21 orcs
  7 endoplasms
  7 giant cockroaches
  4 goblins
  6 hobgoblins
  9 jackals
  13 kobolds
  5 quokkas
  10 ball pythons
  11 bats
  3 frilled lizards
  4 rats
197 creatures vanquished.

Vanquished Creatures (others)
  2 bushes (D:9)
  45 foxfires
  7 fungi (D:9)
  24 plants
78 creatures vanquished.

Grand Total: 275 creatures vanquished

Notes
Turn   | Place    | Note
-------+----------+-------------------------------------------
     0 | D:1      | Tirrikindir the Octopode Fighter began the quest for the
                  | Orb.
     0 | D:1      | Reached XP level 1. HP: 16/16 MP: 1/1
    50 | D:1      | Reached XP level 2. HP: 15/21 MP: 2/2
   550 | D:1      | Reached XP level 3. HP: 24/26 MP: 3/3
   936 | D:2      | Found a faded altar of an unknown god.
   948 | D:2      | Became a worshipper of Vehumet
   948 | D:2      | Reached * piety under Vehumet
   948 | D:2      | Offered knowledge of Foxfire by Vehumet.
   951 | D:2      | Learned a level 1 spell: Foxfire
  1821 | D:3      | Noticed a scorpion
  1832 | D:3      | Reached skill level 1 in Stealth
  1832 | D:3      | Reached XP level 4. HP: 26/31 MP: 4/4
  1832 | D:3      | Reached ** piety under Vehumet
  1832 | D:3      | Offered knowledge of Sandblast by Vehumet.
  1953 | D:3      | Found a glowing drain.
  1966 | D:3      | Reached skill level 1 in Conjurations
  1970 | Sewer    | Entered a sewer
  2066 | Sewer    | Noticed a water moccasin
  2076 | Sewer    | Killed a water moccasin
  2077 | Sewer    | Reached skill level 1 in Spellcasting
  2077 | Sewer    | Reached skill level 1 in Fire Magic
  2077 | Sewer    | Reached XP level 5. HP: 29/36 MP: 4/6
  2336 | D:3      | Reached XP level 6. HP: 42/42 MP: 8/8
  2407 | D:3      | Found a burning altar of Makhleb.
  2635 | D:3      | Offered knowledge of Mephitic Cloud by Vehumet.
  2640 | D:3      | Learned a level 3 spell: Conjure Flame
  2745 | D:4      | Reached skill level 1 in Evocations
  3036 | D:4      | Reached XP level 7. HP: 40/47 MP: 9/9
  3055 | D:4      | Reached *** piety under Vehumet
  3489 | D:4      | Gained mutation: You are strong-willed. (Will+) [potion of
                  | mutation]
  3489 | D:4      | Gained mutation: Your mind is acute. (Int +2) [potion of
                  | mutation]
  3489 | D:4      | Gained mutation: You are robust. (+10% HP) [potion of
                  | mutation]
  3796 | D:4      | Reached XP level 8. HP: 50/59 MP: 12/12
  4323 | D:5      | Entered Level 5 of the Dungeon
  4346 | D:5      | Learned a level 4 spell: Sticky Flame
  4390 | D:5      | Reached skill level 5 in Shields
  4544 | D:5      | Found a runed translucent door.
  4545 | D:5      | Noticed Crazy Yiuf
  4552 | D:5      | Killed Crazy Yiuf
  4765 | D:5      | Found a hazy altar of Hepliaklqana.
  4816 | D:5      | Noticed Sigmund
  4824 | D:5      | Killed Sigmund
  4920 | D:5      | Offered knowledge of Fulminant Prism by Vehumet.
  4949 | D:5      | Noticed Eustachio
  5118 | D:5      | Reached skill level 5 in Stealth
  5415 | D:5      | Killed Eustachio
  5416 | D:5      | Reached XP level 9. HP: 63/63 MP: 15/15
  5454 | D:5      | Noticed Pikel
  5464 | D:5      | Killed Pikel
  5478 | D:5      | Found a hide-covered altar of Uskayaw.
  5601 | D:5      | Identified the +3 pair of gloves "Doca" {rElec rF- Str+6
                  | Stlth+}
  5936 | D:6      | Found Mutuen's Jewellery Shop.
  6185 | D:6      | Reached skill level 5 in Dodging
  6199 | D:6      | Reached **** piety under Vehumet
  6365 | D:6      | Offered knowledge of Yara's Violent Unravelling by Vehumet.
  6395 | D:6      | Found a shimmering blue altar of Sif Muna.
  6398 | D:6      | Found an ancient bone altar of Kikubaaqudgha.
  6399 | D:6      | Found a radiant altar of Vehumet.
  6399 | D:6      | Found a blossoming altar of Fedhas.
  6413 | D:6      | Found Rerche Fuoro's Weapon Shop.
  6464 | D:6      | Found a staircase to the Ecumenical Temple.
  6474 | Temple   | Entered the Ecumenical Temple
  7054 | D:6      | Found Tisukuv's Distillery.
  7063 | D:6      | Bought a potion of degeneration for 12 gold pieces
  7067 | D:6      | Bought a potion of curing for 36 gold pieces
  7067 | D:6      | Bought a potion of heal wounds for 60 gold pieces
  7110 | D:6      | Found Noshehekh's Antique Armour Shop.
  7291 | D:7      | Reached XP level 10. HP: 69/71 MP: 16/16
  7338 | D:7      | Found a sacrificial altar of Ru.
  7344 | D:7      | Paralysed by a hornet for 2 turns
  8100 | D:8      | Reached skill level 5 in Fire Magic
  8108 | D:8      | Reached skill level 5 in Fighting
  8108 | D:8      | Reached skill level 5 in Conjurations
  8435 | D:8      | Found Mewkas's Demolitions Depot.
  9198 | D:8      | Reached skill level 5 in Spellcasting
  9277 | D:9      | Noticed Psyche
  9288 | D:9      | Killed Psyche
  9453 | D:9      | HP: 2/72 [orc warrior (20)]
  9475 | D:9      | Noticed a two-headed ogre
  9479 | D:9      | HP: 2/72 [orc warrior (6)]
  9480 | D:9      | Mangled by an orc warrior

Illustrated notes

Levels and vault maps discovered:
D:1:      roderic_crop_circles_arrival_large, layout_basic, minmay_tetromino_o2
D:2:      layout_loops_ring, chequers_ecumenical_altar_island
D:3:      layout_basic, lightli_temple_of_fire, gup_sewer_entry_pipe
D:4:      layout_cave_pods
D:5:      layout_loops_ring, nzn_hepliaklqana_mist_gate,
          mainiacjoe_overflow_alcove_4, minmay_misc_feat_enclosed, st_stairs_14,
          minmay_starry_boxes, uniq_pikel, uniq_crazy_yiuf_cottage,
          uniq_eustachio, uniq_sigmund
D:6:      layout_basic, grunt_temple_overflow_open, minmay_temple_entry_trees,
          serial_shops, shop_fountains, nicolae_diamond_shop,
          nicolae_shop_waterfront, kennysheep_mini, minmay_misc_feat_rows
D:7:      layout_rooms, nicolae_ru_sacrificial_ziggurat,
          chequers_serial_rivers_large_b
D:8:      layout_layer_cave, nicolae_blasting_shop
D:9:      layout_long_grid, mainiacjoe_overflow_cross_hatched,
          grunt_lair_entry_orc_guard_hut, orc_david_3, uniq_maurice, uniq_psyche
Temple:   chequers_temple_sunken

Skill      XL: |  1  2  3  4  5  6  7  8  9 10 |
---------------+-------------------------------+-----
Stealth        | 1 2 3 6 7 |  7.8
Conjurations   | 1 2 3 4 5 |  5.2
Spellcasting   | 1 2 4 5 |  5.1
Fire Magic     | 1 2 3 4 5 |  5.3
Shields        | 4 6 7 |  7.9
Evocations     | 1 2 3 4 |  4.0
Dodging        | 4 5 6 |  6.5
Fighting       | 4 5 |  5.3
Long Blades    | |  2.5

Action                   |  1- 3 |  4- 6 |  7- 9 | 10-12 || total
-------------------------+-------+-------+-------+-------++-------
Melee: Long sword        |    88 |    76 |   166 |    58 ||   388
       Constrict         |    40 |    23 |    41 |    11 ||   115
       Tentacles         |    20 |    17 |    42 |    24 ||   103
 Cast: Foxfire           |       |     6 |    22 |     6 ||    34
       Sticky Flame      |       |       |     4 |     8 ||    12
       Conjure Flame     |       |       |     2 |       ||     2
  Use: Scroll            |     7 |       |     5 |       ||    12
       Potion            |       |     1 |     3 |     5 ||     9
 Stab: Sleeping          |     2 |     6 |    12 |     3 ||    23
       Distracted        |       |     1 |       |       ||     1
Armor: Skin              |     8 |     1 |     4 |     2 ||    15
Dodge: Dodged            |    25 |    50 |   152 |    65 ||   292
Block: Kite shield       |    46 |    47 |   115 |    58 ||   266
       Rpst.: Long sword |    10 |    16 |    37 |    17 ||    80
